 Dungeon Crawl Stone Soup version 0.24.1-14-gf8d2b509d9 (console) character file.

Game seed: 7086037059671429590, levelgen mode: deterministic

4104 Kagalorn the Chucker (level 10, -7/74 HPs)
             Began as a Gnoll Wanderer on Mar 5, 2021.
             Was a Priest of the Shining One.
             Mangled by a two-headed ogre
             ... wielding a +0 giant club
              (14 damage)
             ... on level 8 of the Dungeon.
             The game lasted 00:19:35 (8343 turns).

Kagalorn the Chucker (Gnoll Wanderer)               Turns: 8343, Time: 00:19:35

Health: -7/74      AC: 15    Str: 17    XL:     10   Next: 26%
Magic:  18/18      EV:  5    Int: 14    God:    the Shining One [***...]
Gold:   497        SH: 10    Dex: 16    Spells: 20/20 levels left

rFire    . . .     SeeInvis .   a - +10 long sword {freeze, rPois}
rCold    . . .     Gourm    .   j - +0 shield
rNeg     + . .     Faith    .   r - +0 plate armour
rPois    +         Spirit   .   v - +0 helmet
rElec    .         Reflect  .   (no cloak)
rCorr    .         Harm     .   y - +0 pair of gloves
MR       .....                  e - +0 pair of boots
Stlth    ..........             (no amulet)
HPRegen  0.22/turn              (no ring)
MPRegen  0.16/turn              (no ring)

@: glowing
A: distributed training, fangs 1, strong nose
a: Divine Shield, Renounce Religion


You were on level 8 of the Dungeon.
You worshipped the Shining One.
The Shining One was most pleased with you.
You were not hungry.

You visited 1 branch of the dungeon, and saw 8 of its levels.

You collected 497 gold pieces.

Inventory:

Hand Weapons
 a - the +10 long sword of Propriety (weapon) {freeze, rPois}
   (You found it on level 7 of the Dungeon)

   It has been specially enchanted to freeze those struck by it, causing extra
   injury to most foes and up to half again as much damage against particularly
   susceptible opponents.
   It can also slow down cold-blooded creatures.
   It protects you from poison.
 b - a +1 trident
Missiles
 f - 68 bolts
 g - 313 stones (quivered)
 m - 13 sling bullets
 t - 3 throwing nets
Armour
 c - a +0 scale mail of magic resistance
 e - a +0 pair of boots (worn)
 h - the cursed +0 ring mail of the Orcish Mines {rF+ Str+3 Stlth+, unknown}
   (You found it on level 5 of the Dungeon)

   It affects your strength (+3).
   It protects you from fire.
   It makes you more stealthy.
   It has a curse placed upon it.
 j - a +0 shield (worn)
 r - a +0 plate armour (worn)
 v - a +0 helmet (worn)
 y - a +0 pair of gloves (worn)
Magical Staves
 z - an uncursed staff of summoning {unknown}
Jewellery
 k - an uncursed ring of positive energy
Wands
 x - a wand of flame (22)
 D - a wand of polymorph (7)
Scrolls
 n - 2 scrolls of blinking
 o - 2 scrolls of enchant weapon
 w - 10 scrolls of teleportation
 B - a scroll of vulnerability {unknown}
 C - 2 scrolls of amnesia
Potions
 i - 2 potions of degeneration {unknown}
 l - 4 potions of heal wounds
 p - a potion of might
 q - a potion of flight {unknown}
 s - 2 potions of brilliance
 u - a potion of magic {unknown}
 A - a potion of curing {unknown}
Comestibles
 d - 4 rations


   Skills:
 + Level 5.0 Fighting
 + Level 5.0 Short Blades
 + Level 5.0 Long Blades
 + Level 5.0 Axes
 + Level 5.0 Maces & Flails
 + Level 6.9 Polearms
 + Level 5.0 Staves
 + Level 5.0 Slings
 + Level 5.0 Bows
 + Level 5.0 Crossbows
 + Level 6.9 Throwing
 + Level 5.0 Armour
 + Level 5.0 Dodging
 + Level 5.6 Stealth
 + Level 5.0 Shields
 + Level 5.0 Unarmed Combat
 + Level 5.8 Spellcasting
 + Level 4.1 Conjurations
 + Level 4.1 Hexes
 + Level 5.7 Charms
 + Level 5.7 Summonings
 + Level 4.1 Necromancy
 + Level 4.1 Translocations
 + Level 4.1 Transmutations
 + Level 4.1 Fire Magic
 + Level 4.1 Ice Magic
 + Level 4.1 Air Magic
 + Level 4.1 Earth Magic
 + Level 4.1 Poison Magic
 + Level 5.5 Invocations
 + Level 5.0 Evocations


You had 20 spell levels left.
You didn't know any spells.
Your spell library contained the following spells:

 Spells                   Type           Power        Failure   Level  Hunger
 Summon Butterflies       Summ           ###.....     93%         1    None
 Summon Small Mammal      Summ           ###.         93%         1    None
 Animate Skeleton         Necr           N/A          99%         1    None
 Apportation              Tloc           ###...       99%         1    None
 Confusing Touch          Hex            ###...       99%         1    None
 Freeze                   Ice            ###.         99%         1    None
 Sandblast                Erth           ###...       99%         1    None
 Passwall                 Tmut/Erth      ###.....     100%        2    #......
 Throw Frost              Conj/Ice       ###...       100%        2    #......
 Ozocubu's Armour         Chrm/Ice       ###.....     100%        3    ###....
 Recall                   Summ/Tloc      N/A          100%        3    ###....
 Stone Arrow              Conj/Erth      ###...       100%        3    ###....
 Petrify                  Tmut/Erth      ###.....     100%        4    ####...
 Summon Ice Beast         Ice/Summ       ###.....     100%        4    ####...
 Throw Icicle             Conj/Ice       ###.....     100%        4    ####...
 Lee's Rapid Deconstruct  Erth           ###.......   100%        5    ######.


Dungeon Overview and Level Annotations

Branches:
Dungeon (8/15)             Temple (0/1) D:5
   Lair: D:8-11

Altars:
Dithmenos
Elyvilon
Fedhas
Gozag
Kikubaaqudgha
Makhleb
Nemelex Xobeh
Qazlal
Ru
Uskayaw
Vehumet
Wu Jian
Zin
The Shining One


Innate Abilities, Weirdness & Mutations

Your experience applies equally to all skills.
You have very sharp teeth.
Your uncanny sense of smell can sniff out nearby items.


Message History

You hit the two-headed ogre. You freeze the two-headed ogre.
The two-headed ogre is lightly wounded.
You block the two-headed ogre's attack. The two-headed ogre barely misses you.
You slice the two-headed ogre!! You freeze the two-headed ogre.
You bite the two-headed ogre, but do no damage.
The two-headed ogre is heavily wounded.
The two-headed ogre hits you with a +0 giant club!!
The two-headed ogre hits you with a cursed -3 giant spiked club!
You hit the two-headed ogre but do no damage.
The two-headed ogre is heavily wounded.
The two-headed ogre hits you with a +0 giant club!!
* * * LOW HITPOINT WARNING * * *
You block the two-headed ogre's attack. You block the two-headed ogre's attack.
The two-headed ogre hits you with a cursed -3 giant spiked club!
* * * LOW HITPOINT WARNING * * *
There is a stone staircase leading up, spattered with blood here.
You block the two-headed ogre's attack.
The two-headed ogre hits you with a cursed -3 giant spiked club!
You die...

########...#
###..## #......
#####.#.#..
#####.....#O###
####...#.#####.#
#....#.#.......#
#O#..#O..#........
#@#..#.###.#####♣♣
###........#
#....##### ######


You could see a two-headed ogre.

Vanquished Creatures
  A spriggan (D:8)
  A yak (D:8)
  A wyvern (D:8)
  A hungry ghost (D:8)
  Duvessa (D:7)
  2 orc warriors (D:7)
  2 porcupines (D:8)
  3 sky beasts
  An ice beast (D:6)
  A phantom (D:8)
  An ogre (D:7)
  A centaur (D:7)
  A crocodile (D:8)
  Blork the orc (D:6)
  6 bullfrogs
  5 gnoll sergeants (D:5)
  Dowan (D:7)
  2 scorpions
  4 wights (D:6)
  3 howler monkeys (D:8)
  5 hounds
  4 orc wizards
  Crazy Yiuf (D:4)
  A bullfrog zombie (D:7)
  2 orc priests (D:5)
  A jelly (D:7)
  A bullfrog skeleton (D:5)
  3 gnoll shamans (D:5)
  An iguana (D:5)
  Terence (D:3)
  Natasha (thrice) (D:3)
  2 worker ants (D:6)
  A killer bee zombie (D:7)
  A howler monkey zombie (D:7)
  26 gnolls
  3 adders
  4 shadow imps
  2 oozes
  2 adder skeletons
  3 worms
  2 dart slugs
  5 leopard geckos
  13 orcs
  3 giant cockroaches
  6 goblins
  9 hobgoblins
  11 jackals
  4 quokkas
  A ball python (D:2)
  8 bats
  4 frilled lizards
  8 kobolds
  A leopard gecko zombie (D:6)
  8 rats
189 creatures vanquished.

Vanquished Creatures (others)
  13 fungi (D:8)
  10 plants (D:8)
23 creatures vanquished.

Grand Total: 212 creatures vanquished

Notes
Turn   | Place    | Note
-------+----------+-------------------------------------------
     0 | D:1      | Kagalorn the Gnoll Wanderer began the quest for the Orb.
     0 | D:1      | Kagalorn set off with the following items: a +2 spear, a +0
                  | robe, a ration; and the following spell memorised: Summon
                  | Butterflies; and the following spells available to
                  | memorise: Recall
     0 | D:1      | Reached XP level 1. HP: 13/13 MP: 4/4
    64 | D:1      | Reached XP level 2. HP: 14/20 MP: 5/5
   406 | D:1      | Reached XP level 3. HP: 22/25 MP: 7/7
  1035 | D:2      | Reached skill level 1 in Invocations
  1125 | D:2      | Reached skill level 1 in Fighting
  1125 | D:2      | Reached skill level 1 in Short Blades
  1125 | D:2      | Reached skill level 1 in Long Blades
  1125 | D:2      | Reached skill level 1 in Axes
  1125 | D:2      | Reached skill level 1 in Maces & Flails
  1125 | D:2      | Reached skill level 1 in Staves
  1125 | D:2      | Reached skill level 1 in Slings
  1125 | D:2      | Reached skill level 1 in Bows
  1125 | D:2      | Reached skill level 1 in Crossbows
  1125 | D:2      | Reached skill level 1 in Armour
  1125 | D:2      | Reached skill level 1 in Dodging
  1125 | D:2      | Reached skill level 1 in Shields
  1125 | D:2      | Reached skill level 1 in Unarmed Combat
  1125 | D:2      | Reached skill level 1 in Evocations
  1141 | D:2      | Found an opulent altar of Gozag.
  1141 | D:2      | Found a glowing golden altar of the Shining One.
  1144 | D:2      | Became a worshipper of the Shining One
  1329 | D:2      | Reached XP level 4. HP: 26/32 MP: 8/8
  1992 | D:2      | Found a shadowy altar of Dithmenos.
  1999 | D:2      | Reached skill level 1 in Conjurations
  1999 | D:2      | Reached skill level 1 in Hexes
  1999 | D:2      | Reached skill level 1 in Necromancy
  1999 | D:2      | Reached skill level 1 in Translocations
  1999 | D:2      | Reached skill level 1 in Transmutations
  1999 | D:2      | Reached skill level 1 in Fire Magic
  1999 | D:2      | Reached skill level 1 in Ice Magic
  1999 | D:2      | Reached skill level 1 in Air Magic
  1999 | D:2      | Reached skill level 1 in Earth Magic
  1999 | D:2      | Reached skill level 1 in Poison Magic
  2094 | D:2      | Reached XP level 5. HP: 32/37 MP: 9/9
  2302 | D:3      | Noticed Natasha
  2309 | D:3      | Killed Natasha
  2495 | D:3      | Noticed Natasha
  2500 | D:3      | Killed Natasha
  2744 | D:3      | Found a burning altar of Makhleb.
  2745 | D:3      | Found a glowing silver altar of Zin.
  2745 | D:3      | Noticed an angel
  2746 | D:3      | Noticed a blizzard demon
  2753 | D:3      | Noticed Terence
  2761 | D:3      | Killed Terence
  3000 | D:3      | Noticed Natasha
  3003 | D:3      | Killed Natasha
  3003 | D:3      | Reached * piety under the Shining One
  3196 | D:4      | Reached XP level 6. HP: 44/44 MP: 10/10
  3287 | D:4      | Found a runed translucent door.
  3288 | D:4      | Noticed Crazy Yiuf
  3294 | D:4      | Killed Crazy Yiuf
  3380 | D:4      | Found a white marble altar of Elyvilon.
  3592 | D:5      | Entered Level 5 of the Dungeon
  3651 | D:5      | Reached skill level 5 in Polearms
  3651 | D:5      | Reached skill level 5 in Throwing
  4112 | D:5      | Reached XP level 7. HP: 44/50 MP: 12/12
  4138 | D:5      | Found an ancient bone altar of Kikubaaqudgha.
  4714 | D:5      | Found a staircase to the Ecumenical Temple.
  4849 | D:5      | Reached XP level 8. HP: 50/57 MP: 14/14
  4893 | D:5      | Reached ** piety under the Shining One
  5086 | D:5      | Found a sacrificial altar of Ru.
  5087 | D:5      | Found a hide-covered altar of Uskayaw.
  5088 | D:5      | Found a blossoming altar of Fedhas.
  5145 | D:5      | Got a spiked ring mail
  5576 | D:6      | Found a stormy altar of Qazlal.
  5961 | D:6      | Noticed Blork the orc
  5975 | D:6      | Killed Blork the orc
  6181 | D:7      | Found a radiant altar of Vehumet.
  6207 | D:7      | Reached XP level 9. HP: 42/65 MP: 16/16
  6291 | D:7      | Reached skill level 5 in Charms
  6291 | D:7      | Reached skill level 5 in Summonings
  6447 | D:7      | Got a slimy long sword
  6669 | D:7      | Noticed Duvessa
  6696 | D:7      | Noticed Dowan
  6718 | D:7      | Killed Duvessa
  6795 | D:7      | Killed Dowan
  6795 | D:7      | Reached skill level 5 in Spellcasting
  7222 | D:7      | Reached *** piety under the Shining One
  7260 | D:7      | Found an ornate altar of the Wu Jian Council.
  7323 | D:8      | Identified the +10 long sword of Propriety {freeze, rPois}
                  | (You found it on level 7 of the Dungeon)
  7345 | D:8      | Found a sparkling altar of Nemelex Xobeh.
  7349 | D:8      | Reached skill level 5 in Stealth
  7413 | D:8      | Reached skill level 5 in Invocations
  7454 | D:8      | Reached XP level 10. HP: 43/73 MP: 18/18
  7541 | D:8      | Noticed a two-headed ogre
  7748 | D:8      | HP: 3/73 [electric eel/bolt of electricity (11)]
  8089 | D:8      | Reached skill level 5 in Fighting
  8089 | D:8      | Reached skill level 5 in Short Blades
  8089 | D:8      | Reached skill level 5 in Long Blades
  8089 | D:8      | Reached skill level 5 in Axes
  8089 | D:8      | Reached skill level 5 in Maces & Flails
  8089 | D:8      | Reached skill level 5 in Staves
  8089 | D:8      | Reached skill level 5 in Slings
  8089 | D:8      | Reached skill level 5 in Bows
  8089 | D:8      | Reached skill level 5 in Crossbows
  8089 | D:8      | Reached skill level 5 in Armour
  8089 | D:8      | Reached skill level 5 in Dodging
  8089 | D:8      | Reached skill level 5 in Shields
  8089 | D:8      | Reached skill level 5 in Unarmed Combat
  8089 | D:8      | Reached skill level 5 in Evocations
  8315 | D:8      | HP: 1/74 [two-headed ogre/+0 giant club (10)]
  8343 | D:8      | Mangled by a two-headed ogre

Levels and vault maps discovered:
D:1:      tarquinn_simple_flora_water_e, layout_basic
D:2:      layout_rooms, gammafunk_temple_overflow_elements,
          grunt_dithmenos_smoke_and_mirrors
D:3:      layout_loops_corners, grunt_temple_overflow_order_and_chaos_2,
          uniq_natasha, uniq_terence
D:4:      layout_rooms, elyvilon_altar_1, first_ration, hex_tiny,
          uniq_crazy_yiuf_cottage
D:5:      layout_cave_pods, chequers_temple_overflow_statue_of_worship,
          kiku_gazebo_pond_becter, minmay_temple_entry_proselytizer,
          serial_gnoll_camp, gnoll_camp_mini_hut, gnoll_camp_huts_basic,
          gnoll_camp_mini_sergeant, gnoll_camp_mini_house, gnoll_camp_medium_01
D:6:      layout_rooms, overflow_temple_1_default, uniq_blork_the_orc
D:7:      layout_basic, marbit_many_paths, fiery_altar_vehumet, uniq_duvessa
D:8:      layout_basic, nemelex_xobeh_ov_fountains_minmay,
          due_lair_maze_entry_diamond, grunt_pizzeria, grunt_decor_resistance,
          hangedman_abyss_or_decor_lesser_grid, serial_bayou_ford_a,
          minmay_tree_intersection, minmay_misc_feat_roman

Skill      XL: |  1  2  3  4  5  6  7  8  9 10 |
---------------+-------------------------------+-----
Invocations    | 1 2 3 4 5 |  5.5
Fighting       | 1 2 3 4 5 |  5.0
Short Blades   | 1 2 3 4 5 |  5.0
Long Blades    | 1 2 3 4 5 |  5.0
Axes           | 1 2 3 4 5 |  5.0
Maces & Flails | 1 2 3 4 5 |  5.0
Staves         | 1 2 3 4 5 |  5.0
Slings         | 1 2 3 4 5 |  5.0
Bows           | 1 2 3 4 5 |  5.0
Crossbows      | 1 2 3 4 5 |  5.0
Armour         | 1 2 3 4 5 |  5.0
Dodging        | 1 2 3 4 5 |  5.0
Shields        | 1 2 3 4 5 |  5.0
Unarmed Combat | 1 2 3 4 5 |  5.0
Evocations     | 1 2 3 4 5 |  5.0
Spellcasting   | 3 4 5 |  5.8
Conjurations   | 1 2 3 4 |  4.1
Hexes          | 1 2 3 4 |  4.1
Necromancy     | 1 2 3 4 |  4.1
Translocations | 1 2 3 4 |  4.1
Transmutations | 1 2 3 4 |  4.1
Fire Magic     | 1 2 3 4 |  4.1
Ice Magic      | 1 2 3 4 |  4.1
Air Magic      | 1 2 3 4 |  4.1
Earth Magic    | 1 2 3 4 |  4.1
Poison Magic   | 1 2 3 4 |  4.1
Charms         | 4 5 |  5.7
Summonings     | 4 5 |  5.7
Stealth        | 3 4 5 |  5.6
Polearms       | 5 6 |  6.9
Throwing       | 5 6 |  6.9

Action                   |  1- 3 |  4- 6 |  7- 9 | 10-12 || total
-------------------------+-------+-------+-------+-------++-------
Melee: Spear             |   123 |       |       |       ||   123
       Bite              |     5 |     8 |    45 |     5 ||    63
       Punch             |     1 |       |       |       ||     1
       Trident           |       |    40 |   354 |       ||   394
       Halberd           |       |   102 |    75 |       ||   177
       Long sword        |       |       |    36 |    39 ||    75
Throw: Stone             |       |       |       |     6 ||     6
  Use: Scroll            |       |     9 |     2 |     1 ||    12
 Stab: Sleeping          |     6 |       |       |       ||     6
  Eat: Chunk             |     1 |     5 |     7 |     1 ||    14
       Ration            |       |     1 |     2 |     1 ||     4
Armor: Robe              |    14 |       |       |       ||    14
       Leather armour    |     3 |    10 |       |       ||    13
       Plate armour      |       |    59 |   255 |    14 ||   328
Dodge: Dodged            |    38 |    59 |    92 |     5 ||   194
Block: Shield            |       |       |   152 |    25 ||   177
       Buckler           |       |       |     6 |       ||     6
       Rpst.: Long sword |       |       |     1 |     4 ||     5
